 Dungeon Crawl Stone Soup version 0.30.0 (webtiles) character file.

Game seed: 6048210808493406248

54 violentcity the Sneak (level 4, -4/34 HPs)
             Began as a Djinni Brigand on Aug 12, 2023.
             Slain by Terence
             ... wielding a +0 flail
              (6 damage)
             ... on level 2 of the Dungeon.
             The game lasted 00:12:22 (1228 turns).

violentcity the Sneak (Djinni Brigand)              Turns: 1228, Time: 00:12:23

Health: -4/34      AC:  6    Str: 10    XL:     4   Next: 12%
Gold:   57         EV: 11    Int: 13    God:
                   SH:  5    Dex: 16

rFire   + + .        a - +2 dagger
rCold   x . .        g - +2 buckler {AC+3}
rNeg    + . .        b - +0 robe
rPois   ∞            (no helmet)
rElec   .            c - +0 cloak
rCorr   .            (no gloves)
SInv    .            (boots unavailable)
Will    .....        (no amulet)
Stlth   ++           f - ring of positive energy
HPRegen 0.25/turn    (no ring)
MPRegen 0.00/turn

%: infuse magic (-5 HP)
@: flying, very slightly contaminated
A: sickness immunity, fire resistance 2, cold vulnerability 1, float, innate
caster, HP casting, extra vitality 1
a: no special abilities


You were on level 2 of the Dungeon.
You visited 1 branch of the dungeon, and saw 2 of its levels.

You collected 79 gold pieces.
You spent 22 gold pieces at shops.

Inventory:

Hand Weapons
 a - a +2 dagger (weapon)
Missiles
 d - 7 poisoned darts (quivered)
 e - 9 curare-tipped darts
Armour
 b - a +0 robe (worn)
 c - a +0 cloak (worn)
 g - a +2 buckler of protection (worn)
 j - a +0 leather armour
Jewellery
 f - a ring of positive energy (left hand)
Scrolls
 h - a scroll of enchant weapon {unknown}
 i - 2 scrolls of teleportation {unknown}
 l - a scroll of poison {unknown}
 n - a scroll of immolation {unknown}
 p - a scroll of vulnerability {unknown}
 q - a scroll of identify
Potions
 k - a potion of degeneration
 m - 2 potions of flight
 o - a potion of heal wounds


   Skills:
 + Level 2.4 Fighting
 + Level 2.3 Short Blades
 + Level 1.9 Throwing
 + Level 1.9 Dodging
 + Level 3.3 Stealth
 * Level 0.9 Spellcasting


You knew the following spells:

 Your Spells              Type           Power      Damage    Failure   Level
a - Magic Dart            Conj           12%        1d3       28%         1
Your spell library was empty.

Dungeon Overview and Level Annotations

Branches:
Dungeon (2/15)

Altars:

Shops:
D:1 ?

Annotations:
D:2 Terence


Innate Abilities, Weirdness & Mutations

You are immune to sickness and miasma.
You are immune to poison.
Your flesh is very heat resistant. (rF++)
You are vulnerable to cold. (rC-)
You float through the air rather than walking.
You learn spells naturally, not from books.
Your magical power is your life essence.
You have superior vitality. (+4 MHP)


Message History

Casting: Magic Dart (safe; 28% risk of failure)
Confirm with . or Enter, or press ? or * to list all spells.
Aiming: Magic Dart (safe; 28% risk of failure)
Press: ? - help, Shift-Dir - straight line, f/p - Terence
Aim: Terence, wielding a +0 flail and wearing a +0 chain mail (heavily wounded, 100% to hit)
You miscast Magic Dart.
You are very lightly contaminated with residual magic.
Nothing appears to happen.
You block Terence's attack.
Unknown command.
Unknown command.
Casting: Magic Dart (safe; 28% risk of failure)
Confirm with . or Enter, or press ? or * to list all spells.
Aiming: Magic Dart (safe; 28% risk of failure)
Press: ? - help, Shift-Dir - straight line, f/p - Terence
Aim: Terence, wielding a +0 flail and wearing a +0 chain mail (heavily wounded, 100% to hit)
The magic dart hits Terence but does no damage.
Terence is heavily wounded.
Terence shouts, "Now you die!" Terence hits you with a +0 flail!
* * * LOW HITPOINT WARNING * * *
Casting: Magic Dart (safe; 28% risk of failure)
Confirm with . or Enter, or press ? or * to list all spells.
Aiming: Magic Dart (safe; 28% risk of failure)
Press: ? - help, Shift-Dir - straight line, f/p - Terence
Aim: Terence, wielding a +0 flail and wearing a +0 chain mail (heavily wounded, 100% to hit)
The magic dart hits Terence but does no damage.
Terence is heavily wounded.
* * * LOW HITPOINT WARNING * * *
Terence hits you with a +0 flail.
* * * LOW HITPOINT WARNING * * *
Casting: Magic Dart (safe; 28% risk of failure)
Confirm with . or Enter, or press ? or * to list all spells.
Aiming: Magic Dart (safe; 28% risk of failure)
Press: ? - help, Shift-Dir - straight line, f/p - Terence
Aim: Terence, wielding a +0 flail and wearing a +0 chain mail (heavily wounded, 100% to hit)
The magic dart hits Terence but does no damage.
Terence is heavily wounded.
* * * LOW HITPOINT WARNING * * *
Terence hits you with a +0 flail.
You die...

#####...#######......#
#...# #.##..## #.# #...#
#.#...## #.. #...#
#......# ### ....#
#....#.####### ###
######
#.###........###.## #.#
#......#.##...#
#.###...##.#.#.....
#@@.....##........#
........####.####.##...#
....###.# #......######
... ... ######## # .#.#
..>.# #. ### #.


You could see Terence.

Vanquished Creatures
  2 adders (D:2)
  A dart slug (D:1)
  2 ball pythons (D:1)
  3 endoplasms
  4 giant cockroaches
  2 goblins (D:1)
  A hobgoblin (D:1)
  6 jackals (D:2)
  A quokka (D:1)
  A bat (D:2)
  2 frilled lizards (D:1)
  A kobold (D:1)
  6 rats
32 creatures vanquished.

Notes
Turn   | Place    | Note
-------+----------+-------------------------------------------
     0 | D:1      | violentcity the Djinni Brigand began the quest for the Orb.
     0 | D:1      | Reached XP level 1. HP: 18/18 MP: 0/0
   222 | D:1      | Found a faded altar of an unknown god.
   265 | D:1      | Reached XP level 2. HP: 23/23 MP: 0/0
   399 | D:1      | Found a transporter.
   399 | D:1      | Found Coro's Magic Scroll Emporium.
   630 | D:1      | Found a transporter.
   648 | D:1      | Bought a scroll of identify for 22 gold pieces
   723 | D:1      | Reached XP level 3. HP: 28/28 MP: 0/0
   723 | D:1      | Learned a level 1 spell: Magic Dart
  1187 | D:2      | Reached XP level 4. HP: 34/34 MP: 0/0
  1203 | D:2      | Noticed Terence
  1228 | D:2      | Slain by Terence

Illustrated notes

Levels and vault maps discovered:
D:1:      sevenhm_arrival_forest_fort_small_4, layout_basic, serial_shops,
          nicolae_shop_drivethru, shapermc_ecumenical_altar_notcrosses
D:2:      layout_loops_cross, uniq_terence

Skill      XL: |  1 |
---------------+----+-----
Short Blades   | 2 |  2.3
Fighting       | |  2.4
Throwing       | |  1.9
Dodging        | |  1.9
Stealth        | |  3.3
Spellcasting   | |  0.9

Action                     |  1- 3 |  4- 6 || total
---------------------------+-------+-------++-------
  Melee: Dagger            |    83 |    16 ||    99
  Throw: Dart              |    25 |       ||    25
   Cast: Magic Dart        |    11 |     8 ||    19
    Use: Scroll            |     3 |       ||     3
 Armour: Robe              |    15 |     2 ||    17
         Leather armour    |    16 |       ||    16
  Dodge: Dodged            |    38 |     5 ||    43
  Block: Buckler           |    27 |     4 ||    31
